 Dungeon Crawl Stone Soup version 0.26-a0-474-gfaca0e1de5 (webtiles) character file.

Game seed: 13946387591926933568

17 Ishchenko the Firebug (level 2, 0/19 HPs)
             Began as a Human Fire Elementalist on July 31, 2020.
             Slain by an ooze (3 damage)
             ... on level 1 of the Dungeon.
             The game lasted 00:01:26 (514 turns).

Ishchenko the Firebug (Human Fire Elementalist)      Turns: 514, Time: 00:01:27

Health: 0/19       AC:  2    Str:  8    XL:     2   Next: 80%
Magic:  4/5        EV: 12    Int: 15    God:
Gold:   27         SH:  0    Dex: 13    Spells: 4/5 levels left

rFire    . . .     SeeInvis .   g - +0 mace
rCold    . . .     Faith    .   (no shield)
rNeg     . . .     Spirit   .   a - +0 robe
rPois    .         Reflect  .   (no helmet)
rElec    .         Harm     .   (no cloak)
rCorr    .                      (no gloves)
MR       .....                  (no boots)
Stlth    ++........             (no amulet)
HPRegen  0.06/turn              (no ring)
MPRegen  0.09/turn              (no ring)

@: no status effects
A: no striking features
a: no special abilities


You were on level 1 of the Dungeon.
You visited 1 branch of the dungeon, and saw 1 of its levels.

You collected 27 gold pieces.

Inventory:

Hand Weapons
 g - a +0 mace (weapon)
Armour
 a - a +0 robe (worn)
Jewellery
 f - an uncursed ring of stealth {unknown}
Scrolls
 b - a scroll of identify {unknown}
 e - a scroll of immolation {unknown}
Potions
 d - 3 potions of flight {unknown}


   Skills:
 + Level 2.2 Dodging
 + Level 2.0 Stealth
 + Level 2.1 Spellcasting
 + Level 1.0 Conjurations
 + Level 3.5 Fire Magic


You had 4 spell levels left.
You knew the following spells:

 Your Spells              Type           Power        Failure   Level
a - Foxfire               Conj/Fire      #...         9%          1

Your spell library contained the following spells:

 Spells                   Type           Power        Failure   Level
 Conjure Flame            Conj/Fire      #.......     26%         3
 Inner Flame              Hex/Fire       #.......     32%         3
 Sticky Flame             Conj/Fire      #.......     65%         4
 Fireball                 Conj/Fire      #.........   94%         5


Dungeon Overview and Level Annotations

Branches:
Dungeon (1/15)

Altars:


Message History

The foxfire hits the ooze.
The ooze is moderately wounded.
The ooze hits you.
You completely miss the ooze.
The ooze is moderately wounded.
The ooze closely misses you.
You hit the ooze but do no damage.
The ooze is moderately wounded.
The ooze closely misses you.
You hit the ooze but do no damage.
The ooze is moderately wounded.
The ooze hits you. x2
You hit the ooze but do no damage.
The ooze is moderately wounded.
The ooze hits you.
* * * LOW HITPOINT WARNING * * *
You hit the ooze.
The ooze is severely wounded.
The ooze hits you but does no damage. The ooze hits you.
You die...

#.# #............. #######.#
##.########.... .$...#.#
#....######.### ..?.#.#
#.........†....
...#.#######.....######.##
..#.##....##+##.# #.##
#.#.##.##.##....# #...
###.#.##.##.######### ####
#..>......@J.)......#######
#.#.#.#####.#..####.#......
#.#.#.# #.##)#. #.#####
###+##.#g#.#####.##.#.####.#####
................................
......##....####.##.#.#..#.#####
...". +...#.# #.##.#......#####
.... ###.#... #.#.........#....
... #.#....#.#....####.#.###


You could see an ooze.

Vanquished Creatures
  An ooze (D:1)
  A giant cockroach (D:1)
  4 goblins (D:1)
  2 hobgoblins (D:1)
  2 bats (D:1)
  A frilled lizard (D:1)
  A kobold (D:1)
12 creatures vanquished.

Vanquished Creatures (others)
  23 foxfires (D:1)
23 creatures vanquished.

Grand Total: 35 creatures vanquished

Notes
Turn   | Place    | Note
-------+----------+-------------------------------------------
     0 | D:1      | Ishchenko the Human Fire Elementalist began the quest for
                  | the Orb.
     0 | D:1      | Reached XP level 1. HP: 13/13 MP: 3/3
   148 | D:1      | Reached XP level 2. HP: 19/19 MP: 0/5
   514 | D:1      | Slain by an ooze

Illustrated notes

Levels and vault maps discovered:
D:1:      shiori_arrival_maze, layout_basic

Action                   || total
-------------------------++-------
Melee: Dagger            ||     1
       Mace              ||    16
 Cast: Foxfire           ||    19
Armor: Robe              ||    12
Dodge: Dodged            ||    30

Table legend: (Time is in decaauts)
 A = Elapsed time spent in this place.
 B = Non-inter-level travel time spent in this place.
 C = Inter-level travel time spent in this place.
 D = Time resting spent in this place.
 E = Time spent auto-exploring this place.
 F = Levels seen in this place.
 G = Mean time per level.
                   A        B        C        D        E       F      G
               +--------+--------+--------+--------+--------+-----+--------+
         Total |    519 |    519 |      0 |    190 |    204 |   1 |  519.0 |
       Dungeon |    519 |    519 |      0 |    190 |    204 |   1 |  519.0 |
               +--------+--------+--------+--------+--------+-----+--------+

Top non-repeatable levels by time:
     D:1: 519 daAuts
